 Dungeon Crawl Stone Soup version 0.26-a0-663-g36e8fdb655 (webtiles) character file.

Game seed: 8708392737665081986

29257 halkony2012 the Gelid (level 13, 0/81 HPs)
             Began as a Pale Draconian Ice Elementalist on Oct 11, 2020.
             Was a High Priest of Hepliaklqana.
             Slain by an ice devil (2 damage)
             ... in an ice cave.
             The game lasted 01:07:20 (17673 turns).

halkony2012 the Gelid (DrIE)                       Turns: 17673, Time: 01:07:21

Health: 0/81       AC:  9    Str: 12    XL:     13   Next: 14%
Magic:  0/28       EV: 12    Int: 20    God:    Hepliaklqana [*****.]
Gold:   997        SH:  0    Dex: 11    Spells: 17/34 levels left

rFire    x x .     SeeInvis .   (weapon currently unavailable)
rCold    + + +     Faith    .   (shield currently unavailable)
rNeg     . . .     Spirit   +   (armour unavailable)
rPois    +         Reflect  .   (helmet currently unavailable)
rElec    .         Harm     .   (cloak currently unavailable)
rCorr    .         Rampage  .   (gloves currently unavailable)
MR       +....                  (boots currently unavailable)
Stlth    ++........             O - amulet of guardian spirit
HPRegen  0.23/turn              U - ring of ice
MPRegen  0.21/turn              M - ring of protection from magic

@: sluggish, ice-form, very slow
A: large, (breathe steam), unfitting armour, reduced essence, frail 1, AC +8
a: End Transformation, Recall Ancestor, Ancestor Identity, Transference,
Idealise, Renounce Religion


You were in an ice cave.
You worshipped Hepliaklqana.
Hepliaklqana was extremely pleased with you.
You were a creature of crystalline ice.
You visited 2 branches of the dungeon, and saw 15 of its levels.
You also visited: Ice Cave.

You collected 1173 gold pieces.
You spent 176 gold pieces at shops.

Inventory:

Hand Weapons
 b - a +0 club
 j - a +0 hand axe
 m - a +0 war axe
 o - a +1 executioner's axe of freezing (melded)
 r - a +0 rapier of holy wrath
 C - a +3 spear of venom
 F - a +2 scythe of freezing
 K - a +2 great sword of freezing
Missiles
 s - a throwing net (quivered)
Armour
 h - a +0 hat (melded)
 i - a +2 pair of gloves (melded)
 u - the +9 plate armour "Titiasodih" {Int+2, unknown}
   (You found it on level 5 of the Dungeon)

   It affects your intelligence (+2).
 G - a +1 pair of boots (melded)
Jewellery
 g - an uncursed ring of fire
 k - an uncursed ring of flight
 A - an uncursed ring of stealth
 M - a ring of protection from magic (right front paw)
 N - a +6 ring of dexterity
 O - an amulet of guardian spirit (around neck)
 U - a ring of ice (left front paw)
Wands
 B - a wand of flame (13)
 D - a wand of paralysis (21)
 H - a wand of iceblast (16)
 T - a wand of polymorph (5)
 W - a wand of enslavement (7)
Scrolls
 c - 8 scrolls of teleportation
 e - 9 scrolls of remove curse
 t - 2 scrolls of amnesia
 v - 4 scrolls of immolation
 w - 4 scrolls of brand weapon
 x - a scroll of fog
 y - a scroll of blinking
 E - a scroll of holy word
 P - 2 scrolls of vulnerability
 Q - 6 scrolls of identify
 S - a scroll of enchant weapon
 V - 2 scrolls of enchant armour
 X - a scroll of noise {unknown}
 Y - a scroll of fear
Potions
 a - a potion of lignification
 d - 4 potions of mutation
 f - 2 potions of flight
 l - a potion of haste
 n - a potion of degeneration {unknown}
 p - 4 potions of brilliance
 q - a potion of curing
 z - a potion of stabbing
 I - a potion of ambrosia
 J - 2 potions of experience
 L - a potion of resistance
 R - a potion of might {unknown}


   Skills:
 + Level 0.5 Short Blades
 - Level 6.6 Polearms
 * Level 6.5 Dodging
 - Level 1.9 Stealth
 + Level 11.4 Spellcasting
 + Level 15.8 Ice Magic
 - Level 1.2 Air Magic
 - Level 0.2 Invocations
 - Level 0.2 Evocations


You had 17 spell levels left.
You knew the following spells:

 Your Spells              Type           Power        Failure   Level
a - Freeze                Ice            ####         0%          1
b - Frozen Ramparts       Ice            ######       1%          3
c - Summon Ice Beast      Ice/Summ       ######..     2%          4
d - Swiftness             Air            ###.....     5%          2
e - Ozocubu's Armour      Ice            #######.     1%          3
f - Ice Form              Ice/Tmut       ######..     2%          4

Your spell library contained the following spells:

 Spells                   Type           Power        Failure   Level
 Hailstorm                Conj/Ice       ######..     2%          4
 Shock                    Conj/Air       ##..         4%          1
 Beastly Appendage        Tmut           ##....       6%          1
 Pain                     Necr           ##..         6%          1
 Sandblast                Erth           ##....       6%          1
 Summon Small Mammal      Summ           ##..         6%          1
 Corpse Rot               Necr/Air       N/A          7%          2
 Call Imp                 Summ           ##......     9%          2
 Passwall                 Tmut/Erth      ##......     9%          2
 Wereblood                Tmut           ##......     9%          2
 Static Discharge         Conj/Air       ##......     14%         3
 Call Canine Familiar     Summ           ##......     19%         3
 Spider Form              Tmut/Pois      ##........   19%         3
 Stone Arrow              Conj/Erth      ##....       19%         3
 Summon Guardian Golem    Hex/Summ       ##......     19%         3
 Airstrike                Air            ###.......   34%         4
 Summon Lightning Spire   Summ/Air       ##......     43%         4
 Petrify                  Tmut/Erth      ##......     52%         4
 Lightning Bolt           Conj/Air       ##........   78%         5
 Agony                    Necr           ##......     86%         5
 Blade Hands              Tmut           ##........   86%         5
 Lee's Rapid Deconstruct  Erth           ##........   86%         5
 Summon Hydra             Summ           ##........   100%        7


Dungeon Overview and Level Annotations

Branches:
Dungeon (11/15)            Temple (0/1) D:4            Lair (4/6) D:11
  Swamp (0/4) Lair:2        Snake (0/4) Lair:2          Orc (0/2) D:11
  IceCv (1/1)

Altars:
Cheibriados
Hepliaklqana
Makhleb
Nemelex Xobeh
Ru
Trog
Xom
Zin
The Shining One

Shops:
D:10 *

Annotations:
D:6 1 runed translucent door, kmckee's ghost, novice HOFi
Lair:2 exclusion: oklob plant
Lair:4 1 runed translucent door, jejorda2's ghost, journeyman MiBe IceCv exclusion: 2 ice statues


Innate Abilities, Weirdness & Mutations

((You can breathe blasts of scalding, opaque steam.))
((Your pale cyan-grey scales are hard. (AC +8)))
You cannot fit into any form of body armour.
((You are cold-blooded and may be slowed by cold attacks.))
Your life essence is reduced to manifest your ancestor. (-10% HP)
((Your tail ends in a poisonous barb.))
You are frail. (-10% HP)


Message History

You start to feel a little slower.
You see here a scroll of fear.
You see here a scroll of brand weapon.
w - 4 scrolls of brand weapon (gained 1)
You see here a scroll of fear.
Y - a scroll of fear You feel sluggish.
The ice devil hits you!
* * * LOW HITPOINT WARNING * * *
The ice devil freezes you. You resist.
* * * LOW HITPOINT WARNING * * *
The ice devil hits you!
* * * LOW HITPOINT WARNING * * *
The ice devil freezes you. You resist.
* * * LOW HITPOINT WARNING * * *
The ice devil hits you but does no damage.
The ice devil hits you.
* * * LOW HITPOINT WARNING * * *
The ice devil freezes you. You resist.
You die...

########## ## ####
#...##...##...# ##...
#.[....4Y...).# ##..∩.
#...###4###...# #.....
#####.....##### #...∩.
#......##.## ##....
#.§§.§#......# ##...
#.§§§§#4...##### ##...
§###§§#.○###...##
#...# §§.#§§.......##
#...#
§○○°.##○.§§○§##......#
##...


You could see 3 ice devils.

Vanquished Creatures
  A reaper (IceCv)
  Snorg (Lair:3)
  Josephine (D:10)
  2 hydras
  Erica (D:10)
  6 death yaks (D:11)
  Urug (Lair:3)
  Pikel (D:4)
  3 black mambas
  2 orange demons (D:11)
  2 cane toads
  A rime drake (Lair:3)
  2 ice devils (IceCv)
  2 komodo dragons
  2 red devils (D:11)
  A polar bear (Lair:4)
  Grinder (D:5)
  2 tyrant leeches (Lair:2)
  6 blink frogs (Lair:4)
  A spriggan (Lair:2)
  A vampire (D:9)
  A wyvern (Lair:4)
  10 yaks
  3 wraiths (D:10)
  Eustachio (D:5)
  An acid dragon (D:11)
  A water moccasin (Lair:1)
  A phantom (D:10)
  2 black bears
  6 orc warriors
  A sky beast (D:6)
  2 ice beasts
  4 wolves (D:9)
  4 centaurs
  An eye of draining (D:4)
  8 ogres
  4 lemures (D:4)
  8 bullfrogs
  A wyvern zombie (D:7)
  A water moccasin zombie (D:9)
  3 scorpions
  3 killer bees (D:9)
  A wight (D:11)
  2 quasits
  8 orc priests
  5 hounds
  2 jellies
  A centaur skeleton (D:6)
  3 iguanas
  13 orc wizards
  7 worker ants
  4 gnolls
  17 adders
  8 white imps
  4 ufetubi
  An ooze (D:2)
  An adder zombie (D:7)
  An adder skeleton (D:5)
  3 worms
  2 dart slugs (D:1)
  2 leopard geckos
  56 orcs
  8 giant cockroaches
  4 goblins
  9 hobgoblins
  4 jackals
  A quokka (D:2)
  2 ball pythons
  4 bats
  7 frilled lizards
  10 kobolds
  8 rats
  A butterfly (Lair:3)
305 creatures vanquished.

Vanquished Creatures (collateral kills)
  Sonja (D:11)
  2 centaur zombies (D:11)
  A black mamba (Lair:2)
  2 orange demons (D:11)
  3 cane toads
  A rime drake (Lair:2)
  An ice devil (IceCv)
  A red devil (D:11)
  3 blink frogs (Lair:4)
  A wraith (D:10)
  4 yaks
  Grum (D:9)
  2 water moccasins (Lair:2)
  A black bear (D:10)
  A sky beast (D:7)
  An orc warrior (D:11)
  A necrophage (D:8)
  An eye of draining (D:4)
  A phantom (D:9)
  A big kobold (D:8)
  6 bullfrogs
  3 wights (D:11)
  A bullfrog zombie (D:11)
  A quasit (D:8)
  2 hounds
  A centaur skeleton (D:8)
  3 orc priests
  4 orc wizards
  A hound zombie (D:11)
  A hound skeleton (D:6)
  A howler monkey zombie (D:10)
  An adder (D:5)
  13 white imps
  3 ufetubi
  An adder skeleton (D:4)
  A leopard gecko (D:6)
  13 orcs
  A jackal (D:4)
  A kobold (D:4)
  A leopard gecko skeleton (D:6)
  A leopard gecko zombie (D:5)
90 creatures vanquished.

Vanquished Creatures (others)
  11 knights
  4 white imps (IceCv)
  4 ancestors
  5 ufetubi (IceCv)
  13 fungi
  13 plants
50 creatures vanquished.

Grand Total: 445 creatures vanquished

Notes
Turn   | Place    | Note
-------+----------+-------------------------------------------
     0 | D:1      | halkony2012 the Draconian Ice Elementalist began the quest
                  | for the Orb.
     0 | D:1      | Reached XP level 1. HP: 14/14 MP: 3/3
   427 | D:1      | Reached XP level 2. HP: 20/20 MP: 1/5
  1156 | D:1      | Reached XP level 3. HP: 25/26 MP: 3/6
  1617 | D:2      | Learned a level 3 spell: Frozen Ramparts
  2605 | D:3      | Reached XP level 4. HP: 33/33 MP: 3/8
  2799 | D:3      | Reached skill level 5 in Ice Magic
  2911 | D:3      | Reached XP level 5. HP: 28/38 MP: 4/10
  3350 | D:3      | Found a sparkling altar of Nemelex Xobeh.
  3353 | D:3      | Found a hazy altar of Hepliaklqana.
  3354 | D:3      | Found a snail-covered altar of Cheibriados.
  3357 | D:3      | Found a glowing silver altar of Zin.
  3388 | D:3      | Became a worshipper of Hepliaklqana the Forgotten
  3870 | D:4      | Found a staircase to the Ecumenical Temple.
  3930 | D:4      | Reached skill level 6 in Ice Magic
  4290 | D:4      | Noticed an ogre
  4290 | D:4      | Noticed an ogre
  4306 | D:4      | Killed an ogre
  4306 | D:4      | Reached XP level 6. HP: 40/40 MP: 6/11
  4398 | D:4      | Noticed Pikel
  4411 | D:4      | Reached skill level 7 in Ice Magic
  4411 | D:4      | Your scales start taking on a pale cyan-grey colour.
  4411 | D:4      | Reached XP level 7. HP: 45/45 MP: 10/13
  4436 | D:4      | Gained mutation: You are frail. (-10% HP) [potion of
                  | mutation]
  4436 | D:4      | Gained mutation: Your tail ends in a poisonous barb.
                  | [potion of mutation]
  4554 | D:4      | Killed Pikel
  4554 | D:4      | Reached skill level 5 in Spellcasting
  4554 | D:4      | Reached skill level 8 in Ice Magic
  4554 | D:4      | Reached XP level 8. HP: 20/45 MP: 10/15
  4998 | D:4      | Found a bloodstained altar of Trog.
  5244 | D:5      | Entered Level 5 of the Dungeon
  5275 | D:5      | Noticed Grinder
  5308 | D:5      | Killed Grinder
  5308 | D:5      | Reached skill level 9 in Ice Magic
  5350 | D:5      | Reached * piety under Hepliaklqana
  5361 | D:5      | Noticed Eustachio
  5386 | D:5      | Killed Eustachio
  5467 | D:5      | Got a jewelled plate armour
  5774 | D:5      | Found a burning altar of Makhleb.
  6108 | D:6      | Reached skill level 10 in Ice Magic
  6219 | D:6      | Reached XP level 9. HP: 49/49 MP: 12/18
  6267 | D:6      | Found a runed translucent door.
  6268 | D:6      | Noticed kmckee's ghost (novice HOFi)
  6269 | D:6      | Noticed a green ugly thing
  7226 | D:7      | Reached skill level 11 in Ice Magic
  7347 | D:7      | Reached ** piety under Hepliaklqana
  7363 | D:7      | Remembered your ancestor Pooptickler as a knight
  7788 | D:7      | Reached skill level 1 in Polearms
  8231 | D:8      | Reached XP level 10. HP: 18/55 MP: 13/22
  8844 | D:8      | Found a glowing golden altar of the Shining One.
  8939 | D:8      | Found a sacrificial altar of Ru.
  9586 | D:9      | Reached skill level 12 in Ice Magic
  9608 | D:9      | Noticed Grum
  9614 | D:9      | Killed Grum
  9919 | D:9      | Learned a level 4 spell: Summon Ice Beast
 10164 | D:9      | Reached *** piety under Hepliaklqana
 10338 | D:10     | Entered Level 10 of the Dungeon
 10434 | D:10     | Found Toeg's Assorted Antiques.
 10461 | D:10     | Bought a scroll of teleportation for 66 gold pieces
 10461 | D:10     | Bought a shiny pearl ring for 110 gold pieces
 10532 | D:10     | Noticed Erica
 10544 | D:10     | Killed Erica
 10822 | D:10     | Noticed Josephine
 10835 | D:10     | Killed Josephine
 10835 | D:10     | Reached skill level 13 in Ice Magic
 10873 | D:10     | Reached XP level 11. HP: 23/59 MP: 22/24
 12506 | D:11     | Found a staircase to the Orcish Mines.
 12526 | D:11     | Reached skill level 10 in Spellcasting
 12750 | D:11     | Found a staircase to the Lair.
 12752 | D:11     | Noticed a death yak
 12753 | D:11     | Noticed a death yak
 12753 | D:11     | Noticed a death yak
 12755 | D:11     | Noticed a death yak
 12755 | D:11     | Noticed a death yak
 12758 | D:11     | Noticed Sonja
 12784 | D:11     | Killed Sonja
 12784 | D:11     | Reached skill level 14 in Ice Magic
 12785 | D:11     | Noticed a death yak
 12788 | D:11     | HP: 2/59 [yak (6)]
 12798 | D:11     | Reached **** piety under Hepliaklqana
 13252 | D:11     | Killed a death yak
 13263 | D:11     | Killed a death yak
 13265 | D:11     | Killed a death yak
 13267 | D:11     | Killed a death yak
 13329 | D:11     | Reached skill level 5 in Dodging
 13333 | D:11     | Killed a death yak
 13333 | D:11     | Reached XP level 12. HP: 59/64 MP: 23/26
 13341 | D:11     | Killed a death yak
 13833 | Lair:1   | Entered Level 1 of the Lair of Beasts
 13937 | Lair:1   | Noticed an eight-headed hydra
 13944 | Lair:1   | Killed an eight-headed hydra
 13944 | Lair:1   | Reached skill level 5 in Polearms
 14409 | Lair:2   | Found a staircase to the Snake Pit.
 14612 | Lair:2   | Found a staircase to the Swamp.
 14633 | Lair:2   | Reached skill level 15 in Ice Magic
 14919 | Lair:2   | Found a dark tunnel.
 15214 | Lair:2   | Learned a level 2 spell: Swiftness
 15366 | Lair:3   | Reached ***** piety under Hepliaklqana
 15460 | Lair:3   | Noticed Urug
 15482 | Lair:3   | Killed Urug
 15852 | Lair:3   | Noticed Snorg
 15870 | Lair:3   | Killed Snorg
 16346 | Lair:4   | Noticed a six-headed hydra
 16379 | Lair:4   | Killed a six-headed hydra
 16466 | Lair:4   | Reached skill level 1 in Air Magic
 16749 | Lair:4   | Reached XP level 13. HP: 52/68 MP: 14/28
 16855 | Lair:4   | Found a runed translucent door.
 16856 | Lair:4   | Found a shimmering altar of Xom.
 16856 | Lair:4   | Noticed jejorda2's ghost (journeyman MiBe)
 16869 | Lair:4   | Found a frozen archway.
 16880 | IceCv    | Entered an ice cave
 17129 | IceCv    | Noticed a reaper
 17156 | IceCv    | Killed a reaper
 17405 | IceCv    | Learned a level 3 spell: Ozocubu's Armour
 17410 | IceCv    | Learned a level 4 spell: Ice Form
 17663 | IceCv    | Identified the Compendium of the Escort and Necromancy
 17673 | IceCv    | HP: 2/81 [ice devil (4)]
 17673 | IceCv    | Slain by an ice devil

Illustrated notes

Levels and vault maps discovered:
D:1:      tarquinn_simple_flora_water_f, layout_basic
D:2:      layout_basic, grunt_ministairs_1
D:3:      layout_loops_cross, minitemple
D:4:      layout_basic, trog_eyes_of_draining,
          minmay_temple_entry_statues_pillars, uniq_pikel
D:5:      layout_basic, kennysheep_mini, uniq_grinder, uniq_eustachio
D:6:      layout_rooms, ebering_ghost_inner_flame
D:7:      layout_loops_ring
D:8:      layout_rooms, lemuel_crystal_altar,
          nicolae_ru_great_annihilating_truth
D:9:      layout_basic, uniq_grum
D:10:     layout_gridville, serial_shops, shop, kennysheep_flooded_box,
          uniq_erica, uniq_josephine
D:11:     layout_loops_ring, dpeg_lair_monsters, hiddenorc2_lemuel,
          minmay_beelzebubs_servants, uniq_sonja
Lair:1:   layout_gridlike, wad_woods_road_03
Lair:2:   layout_gridlike, minmay_swamp_entry_worms,
          guppyfry_snake_entry_island, enter_volcano_2, minivault_11,
          minmay_lair_oklob_bushes, grunt_forest_large_clearing_hut,
          grunt_megastairs_5
Lair:3:   layout_roguey, lemuel_fruit_fields, serial_bayou_shore_a, uniq_urug,
          uniq_snorg
Lair:4:   layout_cave_pods, portal_ice_cave_entry_imps, ebering_ghost_xom,
          serial_bayou_shore_b
IceCv:    ice_cave_small_demon

Skill      XL: |  1  2  3  4  5  6  7  8  9 10 11 12 |
---------------+-------------------------------------+-----
Dodging        | 2 3 5 6 |  6.5
Spellcasting   | 3 4 5 6 8 9 10 11 | 11.4
Ice Magic      | 5 6 7 8 10 11 13 14 15 | 15.8
Polearms       | 1 2 4 6 |  6.6
Air Magic      | 1 |  1.2
Short Blades   | |  0.5
Stealth        | |  1.9
Invocations    | |  0.2
Evocations     | |  0.2

Action                   |  1- 3 |  4- 6 |  7- 9 | 10-12 | 13-15 || total
-------------------------+-------+-------+-------+-------+-------++-------
Melee: Unarmed           |     4 |       |       |       |     7 ||    11
       Hand axe          |       |     2 |     6 |       |       ||     8
       Rapier            |       |       |    10 |       |       ||    10
       Tailslap          |       |       |     5 |    14 |     8 ||    27
       Spear             |       |       |    36 |   264 |    94 ||   394
 Cast: Freeze            |    64 |    16 |    36 |    37 |       ||   153
       Frozen Ramparts   |     1 |    21 |    48 |    91 |    11 ||   172
       Swiftness         |       |       |       |     4 |     2 ||     6
       Ice Form          |       |       |       |       |     1 ||     1
Invok: Ancestor Identity |       |     1 |       |       |       ||     1
       Recall Ancestor   |       |       |     2 |     4 |     3 ||     9
       Ancestor Life: Kn |       |       |     1 |       |       ||     1
       Idealise          |       |       |       |       |     1 ||     1
       Transference      |       |       |       |       |     1 ||     1
 Abil: Breathe Steam     |       |       |     4 |     6 |     1 ||    11
Evoke: Wand              |       |       |       |       |     5 ||     5
  Use: Scroll            |       |       |     3 |    19 |     5 ||    27
       Potion            |       |       |     2 |     4 |     7 ||    13
 Stab: Sleeping          |       |       |     2 |       |       ||     2
       Paralysed         |       |       |       |     1 |       ||     1
       Distracted        |       |       |       |     1 |       ||     1
Armor: Skin              |     6 |     5 |    26 |    84 |    31 ||   152
Dodge: Dodged            |    32 |    12 |    65 |   144 |    72 ||   325

Table legend: (Time is in decaauts)
 A = Elapsed time spent in this place.
 B = Non-inter-level travel time spent in this place.
 C = Inter-level travel time spent in this place.
 D = Time resting spent in this place.
 E = Time spent auto-exploring this place.
 F = Levels seen in this place.
 G = Mean time per level.
                   A        B        C        D        E       F      G
               +--------+--------+--------+--------+--------+-----+--------+
         Total |  17653 |  17307 |    346 |   3502 |   9941 |  16 | 1103.3 |
       Dungeon |  13828 |  13564 |    264 |   2689 |   8177 |  11 | 1257.1 |
          Lair |   3046 |   2964 |     82 |    403 |   1764 |   4 |  761.5 |
      Ice Cave |    778 |    778 |      0 |    410 |      0 |   1 |  778.0 |
               +--------+--------+--------+--------+--------+-----+--------+

Top non-repeatable levels by time:
    D:11: 2143 daAuts
     D:7: 1646 daAuts
     D:1: 1557 daAuts
     D:4: 1395 daAuts
    D:10: 1340 daAuts
     D:3: 1250 daAuts
  Lair:3: 1205 daAuts
     D:9: 1185 daAuts
     D:2: 1041 daAuts
  Lair:2: 876 daAuts
     D:5: 857 daAuts
   IceCv: 778 daAuts
     D:6: 739 daAuts
     D:8: 670 daAuts
  Lair:1: 544 daAuts
